 Dungeon Sprint DCSS version 0.31-a0-1074-g0b22e4e0f1 (webtiles) character file.

Game seed: 4348144615091688723

28398 sircluck the Brawler (level 13, -22/156 HPs)
             Began as a Troll Berserker on Dec 4, 2023.
             Was a Priest of Trog.
             Killed from afar by Lom Lobon (74 damage)
             ... with a great icy blast
             ... in the Dungeon (Sprint I: "Red Sonja").
             The game lasted 00:14:44 (3288 turns).

sircluck the Brawler (Troll Berserker)              Turns: 3288, Time: 00:14:48

Health: -22/156    AC: 16    Str: 38    XL:     13   Next: 9%
Magic:  0/12       EV: 11    Int:  3    God:    Trog [***...]
Gold:   3130       SH: 14    Dex: 12    Spells: 12/12 levels left

rFire   + +          +
                       - Unarmed
rCold   . . .        x - +0 tower shield
rNeg    . . .        q - +2 fire dragon scales
rPois   +            (helmet restricted)
rElec   .            (no cloak)
rCorr   .            (gloves unavailable)
SInv    .            (boots unavailable)
Will    .....        u - amulet of Copowiu {Spirit -Tele rF++ Regen+ Stlth+} Stlth
                     a - ring of flight
HPRegen 2.06/turn    z - ring of Ryn Hottor {Fly rPois rC+ Str+6 Dex+3}
MPRegen 0.13/turn

%: no teleportation, guardian spirit
@: silenced, flying, studying Stealth
A: large, unfitting armour, claws 3, regeneration 1, shaggy fur 1, tough skin 1
a: Renounce Religion


You were in the Dungeon.
You worshipped Trog.
Trog was most pleased with you.
You visited 1 branch You collected 7157 gold pieces.
You spent 4027 gold pieces at shops.

Inventory:

Missiles
 l - 4 javelins
 p - 2 datura-tipped darts
 C - 4 poisoned darts
Armour
 q - +2 fire dragon scales (worn)
 x - a +0 tower shield (worn)
Jewellery
 a - a ring of flight (left claw)
 b - a +5 ring of evasion
 u - the amulet of Copowiu (around neck) {Spirit -Tele rF++ Regen+ Stlth+}
   (You found it in the Dungeon)

   [amulet of guardian spirit]

   Spirit:    It causes incoming damage to be divided between your reserves of
   health and magic.
   rF++:      It greatly protects you from fire.
   -Tele:     It prevents most forms of teleportation.
   Regen+:    It increases your rate of health regeneration.
   Stlth+:    It makes you more stealthy.
 y - a +6 ring of strength
 z - the ring of Ryn Hottor (right claw) {Fly rPois rC+ Str+6 Dex+3}
   (You bought it in a shop in the Dungeon)

   [ring of protection from cold]

   Str+6:     It affects your strength (+6).
   Dex+3:     It affects your dexterity (+3).
   rC+:       It protects you from cold.
   rPois:     It protects you from poison Fly: It grants you flight.
Wands
 h - a wand of paralysis (6)
 i - a wand of flame (29)
 k - a wand of mindburst (6)
 D - a wand of light (3)
 F - a wand of polymorph (5)
Scrolls
 g - 3 scrolls of blinking
 m - a scroll of fear {unknown}
 n - a scroll of silence
 s - a scroll of acquirement
 B - a scroll of amnesia {unknown}
 G - a scroll of revelation
 H - a scroll of immolation {unknown}
Potions
 c - 2 potions of heal wounds
 d - a potion of haste
 e - 2 potions of magic
 f - a potion of berserk rage
 j - a potion of attraction
 o - 2 potions of curing
 t - a potion of mutation
 A - a potion of lignification {unknown}
 E - a potion of might {unknown}
Miscellaneous
 r - a condenser vane
 v - a sack of spiders
 w - a phial of floods
 I - a lightning rod (4/4)


   Skills:
 + Level 17.0 Fighting
 + Level 12.7 Armour
 - Level 11.9 Dodging
 + Level 7.4 Shields
 + Level 19.7 Unarmed Combat


You had 12 spell levels left.
You didn't know any spells.
Your spell library was empty.

Dungeon Overview and Level Annotations

Branches:
Dungeon (1/1)

Altars:
Cheibriados
Dithmenos
Elyvilon
Fedhas
Gozag
Hepliaklqana
Kikubaaqudgha
Makhleb
Nemelex Xobeh
Okawaru
Qazlal
Ru
Sif Muna
Trog
Uskayaw
Vehumet
Wu Jian
Xom
Yredelemnul
Zin
The Shining One
Jiyva
Lugonu

Shops:
D ?[*(**=*:[?*:=(**?([==

Annotations:
D Lom Lobon, Tiamat


Innate Abilities, Weirdness & Mutations

You are too large for most types of armour.
You have claws for hands.
Your natural rate of healing is unusually fast.
You are covered in fur. (AC +1)
You have tough skin. (AC +1)


Message History

The ball lightning completely resists.
The blast of lightning engulfs you!!!
The ball lightning explodes!
The blast of lightning engulfs Lom Lobon.
Lom Lobon completely resists.
The blast of lightning engulfs the ball lightning.
The ball lightning completely resists.
A ball lightning comes into view.
The ball lightning fails to trigger a net trap.
A ball lightning comes into view.
Lom Lobon gestures at you.
Lom Lobon conjures a mighty blast of ice!
The great icy blast engulfs you!!!
* * * LOW HITPOINT WARNING * * *
You are encased in ice.
The ball lightning fails to trigger a net trap.
Your ogre rages.
Unknown command.
You swap places.
Your ogre is engulfed in freezing vapours.
Unknown command.
Unknown command.
Read: 2 scrolls of silence
Press: ? - help, Q - select action, (/) - cycle Dir - look around, f - activate Look: an ogre, wielding a +0 giant club (freezing vapour, lightly wounded, summoned, berserk, friendly)
As you read the scroll of silence, it crumbles to dust.
A profound silence engulfs you.
Your ogre is engulfed in freezing vapours. x2
Your ogre closely misses Lom Lobon.
Lom Lobon hits your ogre!
Unknown command.
Unknown command.
Unknown command.
Unknown command.
The ice encasing you melts away.
Your ogre is engulfed in freezing vapours.
Your ogre dies!
Your ogre's corpse disappears in a puff of smoke!
Lom Lobon gestures at you.
Lom Lobon conjures a mighty blast of ice!
The great icy blast engulfs you!!!!
You die...

..○#...###..###.#..≈###'##...#...
)°.°.....##.#A#.#..≈))#§####'#...
○○☼#.....#..###.#..≈.##'#....##..
..○###''##.##...#..≈##§§)..§§§##○
..###..###..#+###..≈#§.§†.§§§§§#.
..####..###...#.≈..##..§.§.§...##
#'#..#..#.###.#.≈..#.§§.........#
#.#...○.....#.###..#.....§......#
###.○.○.....#.#§@..##..........##
[.'......####'#§##'##..........#.
####...###..).#§#~~~##........##.
)..#####...####§#~~)~##)[.)(.##°.
........)###,,&.#~~~~~########..°
...).#####,,§§####~~~~#~~~~~#○○○°
....##,,,,^§§&#..#'~~~÷~~.○○'..°°
...##,,,,^,§§§#...##~~#~~~○)#○○~.
...#,,^,,,§*§§#....######'#####○~


You could see Lom Lobon (gusty).

Vanquished Creatures
  A golden dragon (D)
  A shadow dragon (D)
  2 fire giants (D)
  A lorocyproca (D)
  A deep elf annihilator (D)
  A mummy priest (D)
  A hydra (D)
  2 centaur warriors (D)
  3 demonic crawlers (D)
  Sonja (D)
  A deep troll (D)
  A lindwurm (D)
  2 oklob plants (D)
  A shining eye (D)
  A merfolk siren (D)
  2 gargoyles (D)
  7 unseen horrors (D)
  2 kobold demonologists (D)
  A hellwing (D)
  3 hornets (D)
  7 glass eyes (D)
  A slime creature (D)
  Sigmund (D)
  A yak (D)
  13 hogs (D)
  2 redbacks (D)
  An ogre (D)
  7 necrophages (D)
  8 jellies (D)
  Ijyb (D)
  A ballistomycete spore (D)
78 creatures vanquished.

Vanquished Creatures (collateral kills)
  the Lernaean hydra (D)
  2 fire giants (D)
  A demonic crawler (D)
  7 shining eyes (D)
11 creatures vanquished.

Vanquished Creatures (others)
  A deep elf master archer (D)
  A merfolk siren (D)
  2 hornets (D)
  3 ball lightnings (D)
  A ballistomycete spore (D)
8 creatures vanquished.

Grand Total: 97 creatures vanquished

Notes
Turn   | Place    | Note
-------+----------+-------------------------------------------
     0 | D        | sircluck the Troll Berserker began the quest for the Orb.
     0 | D        | Reached XP level 1. HP: 22/22 MP: 0/0
     1 | D        | Noticed Ijyb
     2 | D        | Paralysed by Ijyb for 2 turns
     8 | D        | Paralysed by Ijyb for 5 turns
    16 | D        | Paralysed by Ijyb for 4 turns
    21 | D        | Killed Ijyb
    22 | D        | Reached skill level 4 in Unarmed Combat
    22 | D        | Reached XP level 2. HP: 16/32 MP: 1/1
    37 | D        | Noticed an ogre
    43 | D        | Killed an ogre
    44 | D        | Reached skill level 5 in Fighting
    44 | D        | Reached skill level 5 in Dodging
    44 | D        | Reached skill level 6 in Unarmed Combat
    44 | D        | Reached XP level 3. HP: 26/42 MP: 2/2
    44 | D        | Reached XP level 4. HP: 31/50 MP: 3/3
    73 | D        | Noticed Sigmund
    87 | D        | Killed Sigmund
    87 | D        | Reached ** piety under Trog
    88 | D        | Reached skill level 7 in Unarmed Combat
    88 | D        | Reached XP level 5. HP: 41/61 MP: 4/4
   103 | D        | Found a burning altar of Makhleb.
   103 | D        | Found a viscous altar of Jiyva.
   103 | D        | Found a shimmering altar of Xom.
   103 | D        | Found a corrupted altar of Lugonu.
   103 | D        | Noticed a slime creature
   111 | D        | Killed a slime creature
   112 | D        | Reached skill level 8 in Unarmed Combat
   112 | D        | Reached XP level 6. HP: 26/71 MP: 5/5
   167 | D        | Noticed a kobold demonologist
   167 | D        | Noticed a glass eye
   167 | D        | Noticed a kobold demonologist
   174 | D        | Noticed an ice devil
   174 | D        | Killed a kobold demonologist
   174 | D        | Reached *** piety under Trog
   175 | D        | Reached skill level 9 in Unarmed Combat
   175 | D        | Reached XP level 7. HP: 64/81 MP: 6/6
   178 | D        | Killed a glass eye
   179 | D        | Reached skill level 10 in Unarmed Combat
   190 | D        | Killed a kobold demonologist
   191 | D        | Reached XP level 8. HP: 31/92 MP: 7/7
   258 | D        | Found a shimmering blue altar of Sif Muna.
   259 | D        | Found an ornate altar of the Wu Jian Council.
   260 | D        | Found a radiant altar of Vehumet.
   263 | D        | Reached **** piety under Trog
   300 | D        | Found Jihetsok's Weapon Emporium.
   300 | D        | Found an ancient bone altar of Kikubaaqudgha.
   300 | D        | Found a hazy altar of Hepliaklqana.
   300 | D        | Found a hide-covered altar of Uskayaw.
   300 | D        | Found a basalt altar of Yredelemnul.
   300 | D        | Found an opulent altar of Gozag.
   300 | D        | Found a snail-covered altar of Cheibriados.
   300 | D        | Found a sacrificial altar of Ru.
   300 | D        | Found a shadowy altar of Dithmenos.
   304 | D        | Reached skill level 11 in Unarmed Combat
   304 | D        | Found a stormy altar of Qazlal.
   304 | D        | Found a blossoming altar of Fedhas.
   304 | D        | Found a bloodstained altar of Trog.
   304 | D        | Found an iron altar of Okawaru.
   304 | D        | Found a glowing golden altar of the Shining One.
   304 | D        | Found a glowing silver altar of Zin.
   304 | D        | Found a white marble altar of Elyvilon.
   305 | D        | Found a sparkling altar of Nemelex Xobeh.
   319 | D        | Noticed a centaur warrior
   320 | D        | Noticed a centaur warrior
   328 | D        | Killed a centaur warrior
   329 | D        | Reached skill level 10 in Fighting
   329 | D        | Reached skill level 10 in Dodging
   329 | D        | Reached skill level 12 in Unarmed Combat
   332 | D        | Killed a centaur warrior
   333 | D        | Reached XP level 9. HP: 81/102 MP: 8/8
   422 | D        | Noticed an oklob plant
   429 | D        | Killed an oklob plant
   430 | D        | Reached skill level 13 in Unarmed Combat
   507 | D        | Reached ***** piety under Trog
   513 | D        | HP: 1/105 [poisoned by a redback]
   630 | D        | Noticed a deep troll
   638 | D        | Killed a deep troll
   657 | D        | Found Juloshrin's Armour Emporium.
   678 | D        | Noticed Sonja
   680 | D        | Killed Sonja
   681 | D        | Reached skill level 14 in Unarmed Combat
   681 | D        | Reached XP level 10. HP: 85/115 MP: 9/9
   772 | D        | Bought +2 fire dragon scales for 864 gold pieces
   772 | D        | Bought a +0 chain mail for 54 gold pieces
   796 | D        | Found Dupnasua's Magic Scroll Boutique.
   804 | D        | Bought a scroll of revelation for 105 gold pieces
   825 | D        | Noticed a demonic crawler
   825 | D        | Noticed a demonic crawler
   825 | D        | Noticed a gargoyle
   825 | D        | Noticed a fire giant
   850 | D        | Noticed a shining eye
   850 | D        | Noticed a shining eye
   850 | D        | Noticed a shining eye
   857 | D        | Noticed a shining eye
   859 | D        | Killed a shining eye
   862 | D        | Killed a shining eye
   863 | D        | Killed a shining eye
   863 | D        | Killed a shining eye
   864 | D        | Reached skill level 5 in Armour
   864 | D        | Reached skill level 15 in Unarmed Combat
   874 | D        | Noticed a shining eye
   874 | D        | Noticed a shining eye
   877 | D        | Killed a shining eye
   878 | D        | Killed a shining eye
  1021 | D        | Noticed a shining eye
  1021 | D        | Noticed a shining eye
  1031 | D        | Killed a shining eye
  1032 | D        | Reached XP level 11. HP: 127/127 MP: 10/10
  1037 | D        | Killed a shining eye
  1037 | D        | Received a gift from Trog
  1048 | D        | Found Obragor's Antique Armour Shoppe.
  1048 | D        | Found Archiazod's Assorted Antiques.
  1048 | D        | Found Oppooxzi's Assorted Antiques.
  1048 | D        | Found Adoisi's Assorted Antiques.
  1199 | D        | Reached skill level 16 in Unarmed Combat
  1200 | D        | Received a gift from Trog
  1227 | D        | Reached ****** piety under Trog
  1237 | D        | Identified the +2 shortbow "Ceety" {heavy, rN+ Will+ MP+9}
  1246 | D        | Found Abbao's General Store.
  1246 | D        | Found Unulel's Jewellery Shop.
  1246 | D        | Found Qirchirghy's Book Boutique.
  1248 | D        | Found Xekemole's Antique Armour Emporium.
  1248 | D        | Found Ukkeerr's Magic Scroll Shop.
  1248 | D        | Found Rucah's Assorted Antiques.
  1248 | D        | Found Boibum's Book Boutique.
  1248 | D        | Found Zirimp's Jewellery Emporium.
  1248 | D        | Found Qixoehet's Weapon Shop.
  1248 | D        | Found Natuicve's Assorted Antiques.
  1250 | D        | Found Alomn's Assorted Antiques.
  1251 | D        | Found Nunuzack's Weapon Emporium.
  1251 | D        | Found Ceel's Magic Scroll Boutique.
  1252 | D        | Bought a scroll of acquirement for 676 gold pieces
  1252 | D        | Found Dulaeh's Jewellery Emporium.
  1319 | D        | Noticed a demonic crawler
  1319 | D        | Noticed a demonic crawler
  1321 | D        | Killed a demonic crawler
  1321 | D        | Received a gift from Trog
  1323 | D        | Killed a demonic crawler
  1331 | D        | Killed a demonic crawler
  1338 | D        | Killed a demonic crawler
  1447 | D        | Noticed a lindwurm
  1454 | D        | Killed a lindwurm
  1455 | D        | Reached skill level 17 in Unarmed Combat
  1487 | D        | Reached skill level 15 in Fighting
  1491 | D        | Received a gift from Trog
  1531 | D        | Noticed a 12-headed hydra
  1535 | D        | Killed a 13-headed hydra
  1657 | D        | Noticed a shadow dragon
  1657 | D        | Noticed a golden dragon
  1669 | D        | Killed a shadow dragon
  1670 | D        | Reached skill level 10 in Armour
  1670 | D        | Reached XP level 12. HP: 83/143 MP: 11/11
  1673 | D        | HP: 6/214 [golden dragon/bolt of cold (70)]
  1675 | D        | Killed a golden dragon
  1675 | D        | Received a gift from Trog
  1676 | D        | Reached skill level 18 in Unarmed Combat
  1736 | D        | Identified the amulet of Copowiu {Spirit -Tele rF++ Regen+
                  | Stlth+}
  1779 | D        | Found Vamerghoo's Jewellery Shoppe.
  1871 | D        | Bought a tower shield for 121 gold pieces
  1889 | D        | Bought a scroll of acquirement for 728 gold pieces
  1889 | D        | Acquired 954 gold pieces
  1934 | D        | Bought a +6 ring of strength for 504 gold pieces
  1934 | D        | Bought the ring of Ryn Hottor {Fly rPois rC+ Str+6 Dex+3}
                  | for 800 gold pieces
  2010 | D        | Killed a lorocyproca
  2233 | D        | Noticed a deep elf annihilator
  2261 | D        | Noticed a daeva
  2446 | D        | Noticed a fire giant
  2449 | D        | Noticed a fire giant
  2452 | D        | Killed a fire giant
  2454 | D        | Killed a fire giant
  2464 | D        | Killed a fire giant
  2465 | D        | Reached skill level 5 in Shields
  2465 | D        | Reached skill level 19 in Unarmed Combat
  2570 | D        | Noticed a fire giant
  2579 | D        | Killed a fire giant
  2582 | D        | Found the +4 dragonskin cloak
  2582 | D        | Noticed Tiamat
  2694 | D        | Identified the +0 spear "Beetleslayer" {freeze, rF- Str+3
                  | Int+2 SInv}
  2805 | D        | Bought a ring of flight for 175 gold pieces
  2873 | D        | Noticed a deep elf master archer
  2887 | D        | Killed a deep elf master archer
  2931 | D        | Noticed a mummy priest
  2936 | D        | Killed a deep elf annihilator
  2962 | D        | Received a gift from Trog
  2979 | D        | Killed a mummy priest
  3027 | D        | Noticed the 27-headed Lernaean hydra
  3034 | D        | Killed the 26-headed Lernaean hydra
  3035 | D        | Reached XP level 13. HP: 156/156 MP: 12/12
  3076 | D        | Identified the +3 dagger "Nejoir" {freeze, Dex+5}
  3172 | D        | Identified the +7 glaive "Kif Ewkoe" {heavy, rF+ rN+ Str+2
                  | Int-2 Dex+3}
  3279 | D        | Noticed Lom Lobon
  3288 | D        | Killed from afar by Lom Lobon

Illustrated notes

Levels and vault maps discovered:
D:        dungeon_sprint_1 [red_sonja_temple_1, red_sonja_temple_small_1]

Skill      XL: |  1  2  3  4  5  6  7  8  9 10 11 12 |
---------------+-------------------------------------+-----
Fighting       | 3 5 6 7 8 9 10 12 13 15 17 | 17.0
Dodging        | 3 5 6 7 8 9 10 11 | 11.9
Unarmed Combat | 4 6 7 8 9 10 12 14 15 17 19 | 19.7
Armour         | 2 6 10 12 | 12.7
Shields        | 7 |  7.4

Action                     |  1- 3 |  4- 6 |  7- 9 | 10-12 | 13-15 || total
---------------------------+-------+-------+-------+-------+-------++-------
  Melee: Unarmed           |    16 |    22 |    56 |   203 |       ||   297
         Punch             |       |     1 |     2 |    14 |       ||    17
 Invoke: Berserk           |       |       |     2 |     4 |       ||     6
         Brothers in Arms  |       |       |       |    10 |     2 ||    12
    Use: Potion            |       |       |     1 |       |       ||     1
         Scroll            |       |       |       |     6 |     1 ||     7
 Armour: Animal skin       |    11 |    20 |    73 |     1 |       ||   105
         Fire dragon scale |       |       |       |   176 |     7 ||   183
  Dodge: Dodged            |     2 |    13 |    43 |    79 |       ||   137
  Block: Tower shield      |       |       |       |    39 |       ||    39

Table legend: (Time is in decaauts)
 A = Elapsed time spent in this place.
 B = Non-inter-level travel time spent in this place.
 C = Inter-level travel time spent in this place.
 D = Time resting spent in this place.
 E = Time spent auto-exploring this place.
 F = Levels seen in this place.
 G = Mean time per level.
                   A        B        C        D        E       F      G
               +--------+--------+--------+--------+--------+-----+--------+
         Total |   3296 |   3006 |    290 |   1024 |    261 |   1 | 3296.0 |
       Dungeon |   3296 |   3006 |    290 |   1024 |    261 |   1 | 3296.0 |
               +--------+--------+--------+--------+--------+-----+--------+

Top non-repeatable levels by time:
       D: 3296 daAuts
